 Dungeon Crawl Stone Soup version 0.30.1-3-gfc49f6343a (webtiles) character file.

Game seed: 16643787993842528583

1720 spardeous the Destroyer (level 8, -3/85 HPs)
             Began as a Demigod Conjurer on Aug 7, 2023.
             Slain by an orc warrior
             ... wielding a +3 war axe
              (11 damage)
             ... in a bailey.
             The game lasted 00:09:30 (7417 turns).

spardeous the Destroyer (Demigod Conjurer)          Turns: 7417, Time: 00:09:31

Health: -3/85      AC: 24    Str:  8    XL:     8   Next: 46%
Magic:  13/15      EV:  2    Int: 28    God:
Gold:   385        SH:  0    Dex: 12    Spells: 6/13 levels left

rFire   . . .        C - +4 falchion (heavy)
rCold   . . .        (no shield)
rNeg    + . .        B - melded +2 ring mail {rC+}
rPois   +            (helmet currently unavailable)
rElec   .            k - melded scarf {+Inv}
rCorr   .            o - melded +2 pair of gloves {Stlth+}
SInv    .            D - melded +0 pair of boots of Skepticism {Int+10}
Will    .....        G - amulet of regeneration
Stlth   ++           p - ring of positive energy
HPRegen 1.14/turn    (no ring)
MPRegen 0.14/turn

%: no passive effects
@: mighty, brilliant, tree-form, hasted, very quick
A: stationary, stasis, torment immunity, boosted hp, high MP 1, forlorn, divine
attributes
a: no special abilities


You were in a bailey.
You were a tree.
You visited 1 branch of the dungeon, and saw 7 of its levels.
You also visited: Bailey.

You collected 385 gold pieces.

Inventory:

Hand Weapons
 C - a +4 heavy falchion (weapon)
Armour
 k - a scarf of invisibility (melded)
 o - a +2 pair of gloves of stealth (melded)
 B - a +2 ring mail of cold resistance (melded)
 D - the +0 pair of boots of Skepticism (melded) {Int+10}
   (You found it on level 5 of the Dungeon)

   Int:       It affects your intelligence (+10).
Jewellery
 p - a ring of positive energy (left branch)
 G - an amulet of regeneration (around neck)
Wands
 u - a wand of flame (8)
 x - a wand of charming (11)
Scrolls
 a - a scroll of butterflies {unknown}
 d - 3 scrolls of magic mapping {unknown}
 e - 2 scrolls of enchant weapon {unknown}
 f - 4 scrolls of immolation {unknown}
 h - 4 scrolls of noise {unknown}
 i - 7 scrolls of identify {unknown}
 j - a scroll of fog {unknown}
 l - 3 scrolls of teleportation {unknown}
 n - 3 scrolls of enchant armour {unknown}
 q - a scroll of poison {unknown}
 v - a scroll of blinking {unknown}
 y - a scroll of amnesia {unknown}
 F - a scroll of vulnerability {unknown}
Potions
 b - 3 potions of magic
 g - 4 potions of brilliance
 m - 2 potions of lignification
 r - a potion of resistance {unknown}
 s - 2 potions of haste
 t - 2 potions of might
 w - a potion of degeneration {unknown}
 z - a potion of heal wounds {unknown}
 A - 2 potions of flight {unknown}


   Skills:
 - Level 1.7 Dodging
 - Level 1.7 Stealth
 - Level 3.0 Spellcasting
 - Level 10.2 Conjurations
 + Level 2.6 Translocations


You had 6 spell levels left.
You knew the following spells:

 Your Spells              Type           Power      Damage    Failure   Level
a - Magic Dart            Conj           100%       1d8       1%          1
b - Searing Ray           Conj           100%       2d8       1%          2
c - Iskenderun's Mystic   Conj/Tloc      57%        2d12      6%          4

Your spell library contained the following spells:

 Spells                   Type           Power      Damage    Failure   Level
 Dazzling Flash           Conj/Hex       98%        N/A       3%          3
 Stone Arrow              Conj/Erth      98%        3d13      3%          3
 Sandblast                Erth           12%        2d6       9%          1
 Slow                     Hex            24%        N/A       9%          1
 Fulminant Prism          Conj/Hex       24%        3d12      10%         4
 Passwall                 Tmut/Erth      5%         N/A       12%         2
 Confusing Touch          Hex            6%         N/A       24%         3
 Vampiric Draining        Necr           6%         2d6       24%         3
 Animate Armour           Summ/Erth      12%        N/A       63%         4
 Lehudib's Crystal Spear  Conj/Erth      24%        10d7      100%        8


Dungeon Overview and Level Annotations

Branches:
Dungeon (7/15)             Temple (0/1) D:7          Bailey (1/1)

Shops:
D:5 ![**[

Annotations:
D:4 2 transporters, spardeous's ghost, amateur DgCj
D:6 2 transporters


Innate Abilities, Weirdness & Mutations

You are a tree.
Your roots penetrate the ground, keeping you stationary.
You cannot be teleported.
You are immune to unholy pain and torment.
Your maximum health is greatly increased.
Your equipment is partially melded.
You have an increased reservoir of magic. (+10% MP)
You shall have no god before yourself.
Your divine heritage dramatically boosts your attributes as you level up.


Message History

The orc warrior is severely wounded. (Press . to maintain the ray.)
The orc warrior hits you but does no damage.
The orc warrior hits you with a +3 war axe.
* * * LOW HITPOINT WARNING * * *
The hobgoblin hits you but does no damage.
You take 1 damage, and have 16/85 hp.
You now have 7/15 mp.
The searing ray hits the orc warrior!
You kill the orc warrior!
Your Translocations skill increases to level 2!
You now have 6/15 mp.
You closely miss the orc warrior.
The orc warrior hits you with a +3 war axe.
* * * LOW HITPOINT WARNING * * *
The hobgoblin hits you but does no damage. x2
The orc warrior hits you but does no damage.
The gnoll hits you with a +0 war axe!
* * * LOW HITPOINT WARNING * * *
You take 10 damage, and have 7/85 hp.
You feel better.
You regained 6 hp, and now have 13/85 hp.
Magic courses through your body. The orc warrior barely misses you.
The hobgoblin hits you but does no damage.
The gnoll hits you with a +0 war axe!
* * * LOW HITPOINT WARNING * * *
You take 6 damage, and have 7/85 hp.
MP restored: 15 Unknown command.
Casting: Searing Ray (safe; 1% risk of failure)
Confirm with . or Enter, or press ? or * to list all spells.
Aiming: Searing Ray (safe; 1% risk of failure)
Press: ? - help, Shift-Dir - straight line, f - orc warrior
Aim: an orc warrior, wielding a +3 war axe and wearing a +0 ring mail (79% to hit)
You feel a surge of power!
The searing ray misses the orc warrior. (Press . to maintain the ray.)
You now have 14/15 mp.
The searing ray hits the orc warrior!
The orc warrior is moderately wounded.
The orc warrior hits you with a +3 war axe!
You die...

#...######≈≈≈≈≈#
......#.~≈≈≈≈≈#
....#.~≈≈≈≈.######
####''#.~≈≈≈≈......#
#....)#.)≈≈≈≈......#
#.....'...))........
#..⌠..'....).....∩..
#...g.'....)........
#..♣o.#.~≈≈≈≈......#
#####g)#.~≈≈≈≈......#
#....g.#.~≈≈≈≈.######
#......#.~≈≈≈≈≈#
###########.o.######≈≈≈≈≈#
#.....'.8.8g8g# #≈≈≈≈≈#
#.....g.# #≈≈≈≈≈#
######### #≈≈≈≈≈# #≈≈≈≈≈#


You could see an orc warrior, a gnoll, a hobgoblin and a goblin.

Vanquished Creatures
  Eustachio (D:4)
  A water moccasin (D:5)
  3 orc warriors (Bailey)
  A sky beast (D:6)
  3 ogres
  2 phantoms
  2 bullfrogs (D:7)
  2 scorpions (D:5)
  5 hounds
  An iron imp (D:6)
  4 orc wizards
  A gnoll (Bailey)
  7 adders
  A shadow imp (D:4)
  3 worms
  10 orcs
  9 bats
  7 endoplasms
  4 giant cockroaches
  16 goblins
  15 hobgoblins
  5 quokkas
  12 ball pythons
  6 frilled lizards
  3 kobolds
  3 rats
127 creatures vanquished.

Notes
Turn   | Place    | Note
-------+----------+-------------------------------------------
     0 | D:1      | spardeous the Demigod Conjurer began the quest for the Orb.
     0 | D:1      | Reached XP level 1. HP: 14/14 MP: 5/5
   295 | D:1      | Reached XP level 2. HP: 18/20 MP: 0/7
   738 | D:1      | Reached skill level 4 in Conjurations
  1220 | D:2      | Reached XP level 3. HP: 26/26 MP: 3/9
  1642 | D:2      | Learned a level 2 spell: Searing Ray
  1777 | D:2      | Reached XP level 4. HP: 33/33 MP: 5/11
  2545 | D:3      | Identified the +1 robe of the Past {Dex+6}
  3227 | D:3      | Learned a level 4 spell: Iskenderun's Mystic Blast
  3561 | D:4      | Noticed spardeous's ghost (amateur DgCj)
  3562 | D:4      | Found a transporter.
  3562 | D:4      | Identified the +4 dire flail of Meqoliha {freeze, Drain rF+
                  | Dex+2}
  3562 | D:4      | Noticed an ogre
  3565 | D:4      | Found a transporter.
  3631 | D:4      | Reached skill level 5 in Conjurations
  3640 | D:4      | Noticed Eustachio
  3647 | D:4      | Killed Eustachio
  3648 | D:4      | Reached skill level 6 in Conjurations
  3648 | D:4      | Reached XP level 5. HP: 38/38 MP: 2/12
  4115 | D:4      | Noticed an ogre
  4119 | D:4      | Killed an ogre
  4120 | D:4      | Reached XP level 6. HP: 18/45 MP: 7/13
  4367 | D:5      | Entered Level 5 of the Dungeon
  4367 | D:5      | You fall into a shaft and drop 1 floor!
  4375 | D:6      | Found a transporter.
  4454 | D:5      | Found Wodghiu Layps's Distillery.
  4520 | D:5      | Found Tesmeant's Antique Armour Shop.
  4645 | D:5      | Found Meaxix's Armour Shop.
  4697 | D:5      | Reached skill level 7 in Conjurations
  4975 | D:5      | Reached XP level 7. HP: 50/50 MP: 7/14
  5132 | D:5      | Identified the +0 pair of boots of Skepticism {Int+10}
  5232 | D:5      | Reached skill level 8 in Conjurations
  5510 | D:5      | Found Golob's General Store.
  5511 | D:5      | Found Eroentaro's Specific Store.
  6477 | D:6      | Reached skill level 9 in Conjurations
  6552 | D:6      | Found a transporter.
  6888 | D:7      | Reached XP level 8. HP: 57/57 MP: 7/15
  7094 | D:7      | Found a staircase to the Ecumenical Temple.
  7130 | D:7      | Found a flagged portal.
  7165 | Bailey   | Entered a bailey
  7197 | Bailey   | Reached skill level 10 in Conjurations
  7405 | Bailey   | Reached skill level 1 in Translocations
  7417 | Bailey   | Slain by an orc warrior

Illustrated notes

Levels and vault maps discovered:
D:1:      amcnicky_arrival_abandoned_market, layout_basic, serial_bayou_crossing
D:2:      layout_rooms, minmay_hexomino_u4
D:3:      layout_basic
D:4:      layout_loops_ring, zin_treasury, gammafunk_ghost_smash, uniq_eustachio
D:5:      layout_basic, serial_shops, shop, nicolae_shop_behind_doors, shop,
          nicolae_specific_store, water_boxes_lemuel
D:6:      gammafunk_steamed_eel, layout_loops_cross, slow_altar_1,
          mainiacjoe_overflow_catwalk_spiral
D:7:      layout_cave_pods, minmay_temple_entry_trees, serial_column_ruins,
          column_ruins_open_small, column_ruins_open_small,
          column_ruins_corridor_corner, enter_bailey_5,
          hangedman_decor_peaks_small, minmay_misc_feat_iff
Bailey:   bailey_axe_of_yendor_kennysheep, bailey

Skill      XL: |  1  2  3  4  5  6  7  8 |
---------------+-------------------------+-----
Spellcasting   | 2 3 |  3.0
Conjurations   | 4 6 7 9 10 | 10.2
Translocations | 2 |  2.6
Dodging        | |  1.7
Stealth        | |  1.7

Action                     |  1- 3 |  4- 6 |  7- 9 || total
---------------------------+-------+-------+-------++-------
  Melee: Falchion          |       |       |    27 ||    27
         Punch             |       |       |     1 ||     1
   Cast: Magic Dart        |    87 |    94 |    31 ||   212
         Searing Ray       |       |     9 |    24 ||    33
    Use: Potion            |       |       |     7 ||     7
 Armour: Ring mail         |     2 |     9 |    69 ||    80
         Skin              |       |       |    11 ||    11
  Dodge: Dodged            |     4 |     5 |    63 ||    72
